 Dungeon Crawl Stone Soup version 0.23-a0-151-gf6d1ed2 (webtiles) character file.

9 Amnesiac the Chiller (level 2, -1/19 HPs)
             Began as a Mummy Ice Elementalist on Sept 8, 2018.
             Slain by Terence
             ... wielding a +0 trident
              (10 damage)
             ... on level 2 of the Dungeon.
             The game lasted 00:01:16 (435 turns).

Amnesiac the Chiller (Mummy Ice Elementalist)        Turns: 435, Time: 00:01:16

Health: -1/19      AC:  2    Str: 11    XL:     2   Next: 3%
Magic:  1/5        EV: 12    Int: 14    God:
Gold:   20         SH:  0    Dex: 12    Spells: 5/6 levels left

rFire    x . .     SeeInvis .   b - +0 dagger
rCold    + . .     Gourm    .   (no shield)
rNeg     + + +     Faith    .   a - +0 robe
rPois    ∞         Spirit   .   (no helmet)
rElec    .         Reflect  .   (no cloak)
rCorr    .         Harm     .   (no gloves)
MR       .....                  (no boots)
Stlth    ++........             (no amulet)
HPRegen  0.06/turn              (no ring)
MPRegen  0.09/turn              (no ring)

@: no status effects
A: no food or potions, fire vulnerability, cold resistance 1, negative energy
resistance 3, torment resistance, unbreathing
a: no special abilities


You were on level 2 of the Dungeon.
You were not hungry.

You visited 1 branch of the dungeon, and saw 3 of its levels.

You collected 20 gold pieces.

Inventory:

Hand Weapons
 b - a +0 dagger (weapon)
Armour
 a - a +0 robe (worn)
Scrolls
 c - a scroll of remove curse {!r, unknown}
 d - a scroll of noise {!r, unknown}


   Skills:
 - Level 1.5 Dodging
 - Level 1.5 Stealth
 + Level 2.8 Spellcasting
   Level 0.7 Conjurations
 * Level 2.9 Ice Magic


You had 5 spell levels left.
You knew the following spells:

 Your Spells              Type           Power        Failure   Level  Hunger
a - Freeze                Ice            ##..         7%          1    N/A

Your spell library contained the following spells:

 Spells                   Type           Power        Failure   Level  Hunger
 Throw Frost              Conj/Ice       #.....       16%         2    N/A
 Ozocubu's Armour         Chrm/Ice       #.......     36%         3    N/A
 Throw Icicle             Conj/Ice       #.......     71%         4    N/A
 Summon Ice Beast         Ice/Summ       #.......     77%         4    N/A

Dungeon Overview and Level Annotations

Branches:
Dungeon (3/15)

Altars:

Annotations:
D:2 Terence


Innate Abilities, Weirdness & Mutations

You do not eat or drink.
Your flesh is vulnerable to fire.
You are immune to poison.
Your flesh is cold resistant. (rC+)
You are immune to negative energy. (rN+++)
You are immune to unholy pain and torment.
You can survive without breathing.


Message History

Aim: an orc, wielding a mace You freeze the orc.
The orc is heavily wounded.
The orc misses you.
Casting: Freeze (safe; 7% risk of failure)
Confirm with . or Enter, or press ? or * to list all spells.
Aiming: Freeze (safe; 7% risk of failure)
Press: ? - help, Shift-Dir - straight line, f/p - orc
Aim: an orc, wielding a mace (heavily wounded)
You freeze the orc.
You kill the orc!
You have reached level 2!
You start resting.
Magic restored.
You start resting.
Magic restored.
Things that are here:
a mace; an orc corpse The orc shouts!
The orc wizard shouts!
The orc throws a tomahawk.
The tomahawk misses you.
The orc wizard gestures at you while chanting.
The magic dart hits you!
The orc throws a tomahawk.
The tomahawk misses you.
You see here a tomahawk.
There is a stone staircase leading up here.
You climb upwards.
Level annotation: Terence Terence closely misses you.
There is a stone staircase leading down here.
Casting: Freeze (safe; 7% risk of failure)
Confirm with . or Enter, or press ? or * to list all spells.
Aiming: Freeze (safe; 7% risk of failure)
Press: ? - help, Shift-Dir - straight line, f - Terence
Aim: Terence, wielding a trident and wearing a ring mail You freeze Terence.
Terence is lightly wounded.
Terence hits you with a trident.
Casting: Freeze (safe; 7% risk of failure)
Confirm with . or Enter, or press ? or * to list all spells.
Aiming: Freeze (safe; 7% risk of failure)
Press: ? - help, Shift-Dir - straight line, f/p - Terence
Aim: Terence, wielding a trident and wearing a ring mail You freeze Terence.
Terence is lightly wounded.
Terence closely misses you.
Casting: Freeze (safe; 7% risk of failure)
Confirm with . or Enter, or press ? or * to list all spells.
Aiming: Freeze (safe; 7% risk of failure)
Press: ? - help, Shift-Dir - straight line, f/p - Terence
Aim: Terence, wielding a trident and wearing a ring mail (lightly wounded)
You freeze Terence.
Terence is moderately wounded.
Terence hits you with a trident.
* * * LOW HITPOINT WARNING * * *
Casting: Freeze (safe; 7% risk of failure)
Confirm with . or Enter, or press ? or * to list all spells.
Aiming: Freeze (safe; 7% risk of failure)
Press: ? - help, Shift-Dir - straight line, f/p - Terence
Aim: Terence, wielding a trident and wearing a ring mail (moderately wounded)
You freeze Terence.
Terence is heavily wounded.
Terence hits you with a trident!
Ouch! That really hurt!
You die...

#########
#.......#
#.#####.#
#.#...#.#
#.#.#.#.#
###.#.#.#
#.#.#.#
#....@#
#.#.#@####+##
#.#..........
#)#...#####..
#.#...#####
#...<.....+
##.#...####
#..#...#
#########...#


You could see Terence.

Vanquished Creatures
  An orc (D:3)
  A bat (D:2)
  A goblin (D:1)
  2 frilled lizards
  2 kobolds (D:2)
  A rat (D:2)
8 creatures vanquished.

Notes
Turn   | Place    | Note
-------+----------+-------------------------------------------
     0 | D:1      | Amnesiac the Mummy Ice Elementalist began the quest for the
                  | Orb.
     0 | D:1      | Reached XP level 1. HP: 13/13 MP: 4/4
   219 | D:2      | Noticed Terence
   375 | D:3      | Noticed an orc wizard
   383 | D:3      | Reached XP level 2. HP: 19/19 MP: 2/5
   435 | D:2      | Slain by Terence

Vault maps used:
D:1:      onia_arrival_mini_maze_b
D:2:      marbit_many_paths, lemuel_blue_sif_altar, first_ration,
          kennysheep_generic_room_5, uniq_terence
D:3:      nemelex_altar_shiori

Action                   || total
-------------------------++-------
Melee: Dagger            ||     2
 Cast: Freeze            ||    15
Armor: Robe              ||     2
Dodge: Dodged            ||    12

Table legend:
 A = Non-vault XP
 B = Vault XP
 C = Vault XP percentage of total XP
 D = Non-vault monster count
 E = Vault monster count
 F = Vault count percentage of total count
                 A         B        C        D         E       F
            +---------+---------+-------+---------+---------+-------
      Total |      13 |       0 |   0.0 |       8 |       0 |   0.0
            +---------+---------+-------+---------+---------+-------
        D:1 |       2 |       0 |   0.0 |       1 |       0 |   0.0
        D:2 |       7 |       0 |   0.0 |       5 |       0 |   0.0
        D:3 |       4 |       0 |   0.0 |       2 |       0 |   0.0
            +---------+---------+-------+---------+---------+-------
